 Dungeon Sprint DCSS version 0.22-a0-538-g76cc104 (webtiles) character file.

46955 emperorscorpion the Slayer (level 14, -8/154 HPs)
             Began as a Minotaur Chaos Knight on June 23, 2018.
             Mangled by a vampire knight
             ... wielding a +2 glaive of venom
              (33 damage)
             ... in the Dungeon (Sprint IX: "|||||||||||||||||||||||||||||").
             The game lasted 00:23:12 (3528 turns).

emperorscorpion the Slayer (Minotaur Chaos Knight)  Turns: 3528, Time: 00:23:13

Health: -8/154     AC: 15    Str: 22    XL:     14   Next: 6%
Magic:  25/25      EV: 21    Int:  9    God:    Xom [*.....]
Gold:   150        SH:  0    Dex: 13    Spells: 13/13 levels left

rFire    + + .     SeeInvis .   b - +2 hand crossbow (freeze)
rCold    . . .     Gourm    .   (no shield)
rNeg     + + .     Faith    .   M - +0 scale mail "Lowurr" {*Contam rF++ rN++} (curse)
rPois    .         Spirit   .   (helmet unavailable)
rElec    .         Reflect  .   J - +0 cloak {MR+}
rCorr    .         Harm     .   p - +0 pair of gloves
MR       ++...     Clarity  +   D - +0 pair of boots Stlth +.........NoTele +
                                (no amulet)
HPRegen  0.35/turn              v - +5 ring of evasion
MPRegen  0.19/turn              t - +3 ring of strength

@: no status effects
A: retaliatory headbutt, beak, horns 3, clarity, evolution 1, MP-powered wands
a: Renounce Religion


You were in the Dungeon.
You worshipped Xom.
You were a special plaything of Xom.
You were not hungry.

You visited 1 branch You collected 1917 gold pieces.
You spent 1767 gold pieces at shops.

Inventory:

Hand Weapons
 a - a +2 halberd of protection
 b - a +2 hand crossbow of freezing (weapon)
 F - a +0 glaive
 I - a +0 trident of piercing
Missiles
 i - 42 bolts (quivered)
 H - 8 tomahawks
 Y - 3 throwing nets
Armour
 p - a +0 pair of gloves (worn)
 D - a +0 pair of boots (worn)
 G - a +0 plate armour of fire resistance
 J - a +0 cloak of magic resistance (worn)
 M - the cursed +0 scale mail "Lowurr" (worn) {*Contam rF++ rN++}
   (You bought it in a shop in the Dungeon)

   It greatly protects you from fire.
   It greatly protects you from negative energy.
   It causes magical contamination when unequipped.
   It has a curse placed upon it.
 T - the +12 plate armour "Ugux Kell" {rF+ rC- Str+7}
   (You found it in the Dungeon)

   It affects your strength (+7).
   It protects you from fire.
   It makes you vulnerable to cold.
Magical Staves
 n - an uncursed staff of energy
Jewellery
 s - a +2 ring of evasion
 t - a +3 ring of strength (right hand)
 v - a +5 ring of evasion (left hand)
 N - an uncursed ring of fire
 P - an uncursed ring of protection from cold
 Q - an uncursed ring of protection from fire
 R - an uncursed ring of poison resistance
Wands
 m - a wand of acid (4)
 E - a wand of clouds (6)
Scrolls
 k - 4 scrolls of remove curse
 l - 3 scrolls of amnesia
 B - 5 scrolls of enchant armour
 C - 3 scrolls of identify
 L - a scroll of fog {unknown}
 V - 2 scrolls of enchant weapon
 W - a scroll of fear
 X - a scroll of blinking
Potions
 d - 4 potions of curing
 e - a potion of heal wounds
 f - a potion of haste
 g - 4 potions of magic
 h - a potion of invisibility
 j - a potion of flight
 w - a potion of brilliance
 x - a potion of mutation
 K - 2 potions of might
 U - 3 potions of berserk rage
Miscellaneous
 u - a lamp of fire (inert)
 A - a crystal ball of energy
 O - a sack of spiders
Comestibles
 c - 10 rations


   Skills:
 + Level 22.2 Fighting
 - Level 18.7 Polearms
 + Level 14.5 Crossbows
 - Level 2.2 Throwing
 + Level 16.1 Armour
 + Level 10.0 Dodging
 - Level 4.5 Stealth
 * Level 17.9 Evocations


You had 13 spell levels left.
You didn't know any spells.
Your spell library contained the following spells:

 Spells                   Type           Power        Failure   Level  Hunger
 Bolt of Magma            Conj/Fire/Erth #.........   100%        5    ######.
 Confuse                  Hex            #.......     93%         3    ####...
 Venom Bolt               Conj/Pois      #.........   100%        5    ######.
 Iron Shot                Conj/Erth      #.........   100%        6    #######
 Confusing Touch          Hex            #.....       61%         1    ##.....
 Metabolic Englaciation   Hex/Ice        #.........   100%        5    ######.
 Petrify                  Tmut/Erth      #.......     100%        4    #####..
 Orb of Destruction       Conj           #.........   100%        7    #######
 Iskenderun's Battlesphe  Conj/Chrm      #.......     100%        5    ######.
 Spellforged Servitor     Conj/Summ      #.........   100%        7    #######
 Gell's Gravitas          Tloc           #.........   93%         3    ####...
 Yara's Violent Unravell  Hex/Tmut       #.........   100%        5    ######.


Dungeon Overview and Level Annotations

Branches:
Dungeon (1/1)

Altars:
Cheibriados
Dithmenos
Elyvilon
Fedhas
Gozag
Hepliaklqana
Kikubaaqudgha
Makhleb
Nemelex Xobeh
Okawaru
Qazlal
Ru
Sif Muna
Trog
Uskayaw
Vehumet
Wu Jian
Xom
Yredelemnul
Zin
The Shining One
Beogh
Jiyva
Lugonu

Shops:
D *(%*


Innate Abilities, Weirdness & Mutations

You reflexively headbutt those who attack you in melee.
You have a pair of large horns on your head.
You have a beak for a mouth.
You possess an exceptional clarity of mind.
You evolve.
You expend magic power (3 MP) to strengthen your wands.


Message History

Firing (i - inventory. (/) - cycle)
i - 44 bolts (quivered)
Press: ? - help, Shift-Dir - straight line, f - ettin
Aim: an ettin, wielding a dire flail of protection and a dire flail (flame, moderately wounded)
You shoot a bolt. Something completely misses you.
The ettin is engulfed in blazing flames.
Firing (i - inventory. (/) - cycle)
i - 43 bolts (quivered)
Press: ? - help, Shift-Dir - straight line, f - ettin
Aim: an ettin, wielding a dire flail of protection and a dire flail (flame, moderately wounded)
You shoot a bolt.
You feel sick. Something hits you!!
* * * LOW HITPOINT WARNING * * *
You are lethally poisoned!
The ettin is engulfed in blazing flames.
Unknown command.
You feel better. Something hits you!!
* * * LOW HITPOINT WARNING * * *
The ettin is engulfed in blazing flames.
You feel much better. The ettin completely misses you.
The ettin closely misses you. Something hits you!!
You die...
Xom bursts into laughter!

)▓.▓.▓.▓.▓.▓.▓.▓.▓,*,*,*,*,*,*,*,
.▓.▓.▓.▓'▓.▓.▓.▓§▓,*,*,*,*,*,*,*,
†▓)▓.▓.▓.▓.▓.▓.▓§▓,*,*,*,*,*+*,*,
.▓.▓.▓.▓.▓.▓.▓.▓§▓,*,*,*,*,*,*,*∆
.▓.▓.▓.▓.▓.▓.▓.▓§▓,*+*,*,*,*,*,*∆
.▓.▓'▓.▓.▓.▓.▓)▓§▓,*,*,*,*,*,*,*∆
.▓.▓)▓.▓.▓.▓.▓.▓{▓,*∆*,*∆*,*,*,*∆
.▓.▓)▓.▓)▓.▓'▓.▓§▓,*∆*,*,*,*,*,*∆
.▓.▓)▓.▓)▓.▓†▓.▓@▓,*∆*,*,*,*,*,*,
.▓(▓)▓.▓)▓.▓.▓.▓C▓,*∆*,*,*,*,*,*,
.▓.▓)▓.▓)▓.▓.▓.▓§▓,*∆*,*,*,*,*,*,
.▓.▓)▓.▓.▓.▓.▓.▓§▓,*,*,*,*,*,*,*,
.▓.▓)▓.▓)▓.▓†▓.▓§▓,*,*,*,*,*,*,*∆
'▓.▓)▓.▓)▓.▓.▓.▓§▓,*,*,*+*,*,*,*∆
.▓.▓)▓[▓)▓.▓.▓.▓§▓,*∆*,*,*,*,*,*∆
.▓.▓.▓.▓.▓.▓.▓.▓§▓,*∆*,*,*,*,*,*∆
.▓.▓.▓.▓.▓.▓.▓.▓,*,*∆*,*,*,*,*,*∆


You could see an ettin.

Vanquished Creatures
  A sphinx (D)
  Gastronok (D)
  A fire giant (D)
  A very ugly thing (D)
  A stone giant (D)
  A fire dragon (D)
  A merfolk impaler (D)
  An ettin (D)
  An ogre mage (D)
  Harold (D)
  An ice dragon (D)
  5 hydras (D)
  2 catoblepae (D)
  2 alligators (D)
  A centaur warrior (D)
  Erica (D)
  An anaconda (D)
  4 death yaks (D)
  5 two-headed ogres (D)
  2 deep troll shamans (D)
  2 shock serpents (D)
  2 orc high priests (D)
  A naga sharpshooter (D)
  A sea snake (D)
  An unseen horror (D)
  A naga ritualist (D)
  2 swamp dragons (D)
  A glowing orange brain (D)
  3 orc knights (D)
  A wolf spider (D)
  A moth of wrath (D)
  3 black mambas (D)
  Joseph (D)
  A water nymph (D)
  4 spiny frogs (D)
  A yaktaur (D)
  A demonic crawler (D)
  A jumping spider (D)
  A merfolk (D)
  A wind drake (D)
  A tyrant leech (D)
  2 blink frogs (D)
  A snapping turtle (D)
  A hippogriff (D)
  A slime creature (D)
  2 shadows (D)
  4 redbacks (D)
  4 yaks (D)
  A wyvern (D)
  A tarantella (D)
  A naga (D)
  2 water moccasins (D)
  A porcupine (D)
  7 orc warriors (D)
  2 sky beasts (D)
  2 ice beasts (D)
  2 wolves (D)
  3 bullfrogs (D)
  A killer bee (shapeshifter) (D)
  A scorpion (D)
  A wight (D)
  2 orc priests (D)
  2 orc wizards (D)
  A worker ant (D)
  2 adders (D)
  A shadow imp (D)
  A dart slug (D)
  8 orcs (D)
  A quokka (D)
  A bat (D)
  A frilled lizard (D)
  A giant cockroach zombie (D)
  A goblin (D)
  A kobold (D)
  A rat (D)
129 creatures vanquished.

Vanquished Creatures (collateral kills)
  A satyr (D)
  7 orc high priests (D)
  5 orc knights (D)
  An orc sorcerer (D)
  A merfolk (D)
  2 orc warriors (D)
17 creatures vanquished.

Vanquished Creatures (others)
  A stone giant (D)
  A dancing weapon (D)
2 creatures vanquished.

Grand Total: 148 creatures vanquished

Notes
Turn   | Place    | Note
-------+----------+-------------------------------------------
     0 | D        | emperorscorpion the Minotaur Chaos Knight began the quest for the Orb.
     0 | D        | Reached XP level 1. HP: 19/19 MP: 0/0
     5 | D        | Reached skill level 4 in Fighting
    26 | D        | XOM: harmless Erth miscast
    32 | D        | Noticed a worker ant
    32 | D        | Noticed a sky beast
    36 | D        | Reached skill level 5 in Fighting
    36 | D        | Reached skill level 5 in Polearms
    36 | D        | Reached XP level 2. HP: 29/29 MP: 1/1
    38 | D        | Reached skill level 6 in Fighting
    38 | D        | Reached XP level 3. HP: 37/37 MP: 2/2
    42 | D        | Killed a sky beast
    42 | D        | Reached skill level 8 in Fighting
    42 | D        | Reached skill level 1 in Stealth
    42 | D        | Reached XP level 4. HP: 49/49 MP: 3/3
    57 | D        | Found a roughly hewn altar of Beogh.
    57 | D        | Found a snail-covered altar of Cheibriados.
    57 | D        | Found a shadowy altar of Dithmenos.
    57 | D        | Found a white marble altar of Elyvilon.
    57 | D        | Found a blossoming altar of Fedhas.
    57 | D        | Found an opulent altar of Gozag.
    58 | D        | Found a hazy altar of Hepliaklqana.
    59 | D        | Found a viscous altar of Jiyva.
    60 | D        | Found an ancient bone altar of Kikubaaqudgha.
    61 | D        | Found a corrupted altar of Lugonu.
    62 | D        | Found a burning altar of Makhleb.
    63 | D        | Found a sparkling altar of Nemelex Xobeh.
    64 | D        | Found an iron altar of Okawaru.
    65 | D        | Found a stormy altar of Qazlal.
    66 | D        | Found a sacrificial altar of Ru.
    67 | D        | Found a deep blue altar of Sif Muna.
    68 | D        | Found a bloodstained altar of Trog.
    69 | D        | Found a hide-covered altar of Uskayaw.
    70 | D        | Found a radiant altar of Vehumet.
    71 | D        | Found an ornate altar of the Wu Jian Council.
    72 | D        | Found a shimmering altar of Xom.
    73 | D        | Found a basalt altar of Yredelemnul.
    74 | D        | Found a glowing silver altar of Zin.
    75 | D        | Found a glowing golden altar of the Shining One.
   127 | D        | Noticed a two-headed ogre
   127 | D        | Noticed an ice beast
   128 | D        | XOM: divination: detect creatures
   134 | D        | Reached XP level 5. HP: 52/55 MP: 4/4
   135 | D        | XOM: cast spell 'Olgreb's Toxic Radiance'
   140 | D        | Reached skill level 9 in Fighting
   145 | D        | XOM: smoke on damage
   153 | D        | Killed a two-headed ogre
   153 | D        | Reached skill level 12 in Fighting
   153 | D        | Reached XP level 6. HP: 62/71 MP: 5/5
   153 | D        | Reached XP level 7. HP: 68/78 MP: 6/6
   159 | D        | Reached skill level 13 in Fighting
   181 | D        | Noticed a two-headed ogre
   181 | D        | Noticed a centaur warrior
   181 | D        | Noticed a two-headed ogre
   181 | D        | Noticed a wyvern
   183 | D        | XOM: potion effect (agility)
   186 | D        | Killed a two-headed ogre
   186 | D        | Reached skill level 14 in Fighting
   186 | D        | Reached XP level 8. HP: 85/89 MP: 7/7
   190 | D        | XOM: divination: magic mapping
   197 | D        | Killed a two-headed ogre
   197 | D        | Reached skill level 15 in Fighting
   197 | D        | Reached skill level 15 in Polearms
   197 | D        | Reached XP level 9. HP: 95/97 MP: 8/8
   205 | D        | XOM: god gift: lamp of fire
   207 | D        | XOM: scenery: 1 doors open
   301 | D        | XOM: summons 3 friendly demons
   309 | D        | Killed a centaur warrior
   537 | D        | Noticed a seven-headed hydra
   537 | D        | Noticed a spiny frog
   538 | D        | Reached skill level 16 in Fighting
   539 | D        | Noticed a four-headed hydra
   540 | D        | Killed a seven-headed hydra
   540 | D        | Reached XP level 10. HP: 103/108 MP: 9/11
   540 | D        | Killed a spiny frog
   541 | D        | Reached skill level 5 in Dodging
   546 | D        | Killed a four-headed hydra
   546 | D        | Reached skill level 17 in Fighting
   546 | D        | Reached skill level 10 in Armour
   553 | D        | Noticed a six-headed hydra
   557 | D        | Reached skill level 5 in Evocations
   560 | D        | Killed a six-headed hydra
   605 | D        | Noticed a spiny frog
   606 | D        | Noticed a catoblepas
   609 | D        | Killed a spiny frog
   628 | D        | Killed a catoblepas
   628 | D        | Reached skill level 18 in Fighting
   672 | D        | Noticed a catoblepas
   672 | D        | Noticed a death yak
   672 | D        | Noticed a death yak
   672 | D        | Noticed a death yak
   677 | D        | XOM: enchant monster (good)
   689 | D        | Noticed a death yak
   705 | D        | XOM: divination: detect items
   708 | D        | XOM: summons friendly shadow imp
   729 | D        | Killed a catoblepas
   729 | D        | Reached XP level 11. HP: 51/119 MP: 15/15
   736 | D        | Killed a death yak
   738 | D        | Killed a death yak
   738 | D        | Killed a death yak
   751 | D        | XOM: summons 3 friendly demons
  1088 | D        | Killed a death yak
  1088 | D        | Reached skill level 10 in Evocations
  1210 | D        | Noticed Joseph
  1219 | D        | Killed Joseph
  1328 | D        | XOM: god gift: 17 gold pieces
  1330 | D        | XOM: scenery: 1 doors open
  1345 | D        | XOM: give mutations
  1345 | D        | Gained mutation: You possess an exceptional clarity of mind. [Xom's grace]
  1345 | D        | Gained mutation: You have very sharp teeth. [Xom's grace]
  1345 | D        | Gained mutation: You evolve. [Xom's grace]
  1345 | D        | Gained mutation: You have a pair of large horns on your head. [Xom's grace]
  1429 | D        | Noticed an orc high priest
  1429 | D        | Noticed an orc knight
  1434 | D        | Reached skill level 19 in Fighting
  1436 | D        | Noticed a sun demon
  1444 | D        | Killed an orc high priest
  1459 | D        | XOM: scenery: create altars
  1460 | D        | XOM: cast spell 'Summon Dragon'
  1466 | D        | Killed an orc knight
  1482 | D        | Noticed an orc knight
  1486 | D        | Noticed an orc high priest
  1492 | D        | Killed an orc knight
  1492 | D        | Killed an orc high priest
  1504 | D        | Noticed an orc sorcerer
  1505 | D        | XOM: god gift: scroll of amnesia
  1509 | D        | Killed an orc sorcerer
  1532 | D        | Found Ixuonnei's Assorted Antiques.
  1532 | D        | Noticed an orc high priest
  1532 | D        | Noticed an orc knight
  1532 | D        | Noticed an orc high priest
  1532 | D        | Noticed an orc high priest
  1532 | D        | Noticed an orc high priest
  1537 | D        | Killed an orc high priest
  1537 | D        | Killed an orc knight
  1540 | D        | Noticed an orc knight
  1543 | D        | Killed an orc high priest
  1545 | D        | Killed an orc high priest
  1550 | D        | Killed an orc high priest
  1550 | D        | Reached XP level 12. HP: 36/130 MP: 20/20
  1551 | D        | XOM: divination: magic mapping
  1559 | D        | Noticed an orc high priest
  1562 | D        | Killed an orc high priest
  1566 | D        | Found Egahel's Weapon Shoppe.
  1566 | D        | Noticed an orc high priest
  1566 | D        | XOM: silly message
  1571 | D        | Killed an orc high priest
  1939 | D        | Found Loc Kak's Food Emporium.
  1943 | D        | Found Seomuth's Assorted Antiques.
  1948 | D        | Noticed an orc high priest
  1952 | D        | XOM: potion effect (haste)
  1953 | D        | XOM: blink monster(s)
  1970 | D        | Killed an orc high priest
  1979 | D        | XOM: cast spell 'Summon Butterflies'
  1988 | D        | XOM: enchant monster (good)
  2009 | D        | Bought a scroll labeled YCABIBIHOC for 33 gold pieces
  2009 | D        | Bought an amethyst potion for 29 gold pieces
  2017 | D        | Bought a scroll of identify for 66 gold pieces
  2017 | D        | Bought an amethyst potion for 29 gold pieces
  2024 | D        | Bought a runed cloak for 210 gold pieces
  2024 | D        | Bought a scroll labeled KAMAGE HUWAVOCW for 28 gold pieces
  2024 | D        | Bought a potion of heal wounds for 140 gold pieces
  2024 | D        | Bought a crude scale mail for 252 gold pieces
  2044 | D        | Identified the cursed +0 scale mail "Lowurr" {*Contam rF++ rN++} (You bought it in a shop in the Dungeon)
  2061 | D        | Bought a metal-bound book for 420 gold pieces
  2061 | D        | Bought a sack of spiders for 560 gold pieces
  2121 | D        | XOM: divination: magic mapping
  2266 | D        | Noticed Gastronok
  2279 | D        | Killed Gastronok
  2279 | D        | Reached skill level 1 in Throwing
  2337 | D        | Got the +12 plate armour "Ugux Kell" {rF+ rC- Str+7}
  2364 | D        | Noticed a two-headed ogre
  2364 | D        | Noticed a five-headed hydra
  2364 | D        | Noticed a two-headed ogre
  2366 | D        | Killed a two-headed ogre
  2367 | D        | Killed a two-headed ogre
  2367 | D        | Reached skill level 20 in Fighting
  2367 | D        | Killed a five-headed hydra
  2367 | D        | Reached skill level 1 in Crossbows
  2367 | D        | Reached skill level 15 in Evocations
  2374 | D        | Noticed a fire giant
  2379 | D        | Killed a fire giant
  2382 | D        | Noticed a stone giant
  2383 | D        | XOM: cleaving
  2386 | D        | XOM: swap monsters
  2387 | D        | Noticed a stone giant
  2387 | D        | Noticed a fire dragon
  2387 | D        | Noticed an ogre mage
  2387 | D        | Noticed a deep troll shaman
  2390 | D        | Killed an ogre mage
  2391 | D        | Killed a stone giant
  2393 | D        | Killed a stone giant
  2397 | D        | Killed a deep troll shaman
  2397 | D        | Reached XP level 13. HP: 45/141 MP: 22/24
  2408 | D        | Killed a fire dragon
  2408 | D        | Reached skill level 15 in Armour
  2526 | D        | XOM: cloud trail
  2733 | D        | XOM: scenery: 1 doors open
  2762 | D        | Noticed Harold
  2770 | D        | XOM: confuse monster(s)
  2774 | D        | Killed Harold
  2774 | D        | Reached skill level 5 in Crossbows
  2876 | D        | Reached skill level 21 in Fighting
  2958 | D        | XOM: give mutations
  2958 | D        | Gained mutation: You expend magic power (3 MP) to strengthen your wands. [Xom's grace]
  2958 | D        | Lost mutation: You have very sharp teeth. [Xom's grace]
  2958 | D        | Gained mutation: You have a beak for a mouth. [Xom's grace]
  2965 | D        | XOM: cleaving
  3110 | D        | Reached skill level 10 in Crossbows
  3112 | D        | XOM: divination: detect items
  3121 | D        | XOM: potion effect (agility)
  3359 | D        | XOM: polymorph snapping turtle -> glowing orange brain
  3359 | D        | Noticed a merfolk impaler
  3364 | D        | Killed a merfolk impaler
  3385 | D        | XOM: harmless Chrm miscast
  3458 | D        | XOM: mild Ice miscast
  3459 | D        | Noticed Erica
  3466 | D        | Killed Erica
  3514 | D        | Noticed an ettin
  3514 | D        | Noticed a brown very ugly thing
  3514 | D        | Noticed a vampire knight
  3514 | D        | Noticed a sphinx
  3518 | D        | Killed an ettin
  3518 | D        | Reached skill level 22 in Fighting
  3521 | D        | Noticed an ettin
  3522 | D        | Killed a brown very ugly thing
  3523 | D        | Reached XP level 14. HP: 61/154 MP: 25/25
  3523 | D        | Killed a sphinx
  3523 | D        | Reached skill level 10 in Dodging
  3527 | D        | HP: 1/154 [something (30)]
  3528 | D        | Mangled by a vampire knight

Vault maps used:
D:        linesprint

Skill      XL: |  1  2  3  4  5  6  7  8  9 10 11 12 13 14 |
---------------+-------------------------------------------+-----
Fighting       | 5 6 8 12 14 15 16 18 19 20 22 | 22.2
Polearms       | 5 6 8 13 14 15 17 18 | 18.7
Armour         | 3 4 7 8 9 10 12 14 16 | 16.1
Stealth        | 1 2 3 4 |  4.5
Dodging        | 2 3 4 6 8 9 10 | 10.0
Evocations     | 3 7 12 16 17 | 17.9
Throwing       | 2 |  2.2
Crossbows      | 4 14 | 14.5

Action                   |  1- 3 |  4- 6 |  7- 9 | 10-12 | 13-15 || total
-------------------------+-------+-------+-------+-------+-------++-------
Melee: Spear             |    17 |     7 |    37 |   102 |       ||   163
       Headbutt          |     3 |       |     8 |    36 |       ||    47
       Halberd           |       |     7 |       |    45 |     3 ||    55
       Bite              |       |       |       |    13 |       ||    13
 Fire: Hand crossbow     |       |       |       |    20 |    89 ||   109
Throw: Tomahawk          |       |       |       |     3 |       ||     3
Evoke: Wand              |       |       |     2 |     6 |       ||     8
       Lamp of fire      |       |       |     2 |    11 |     6 ||    19
  Use: Potion            |     1 |       |     1 |     3 |     3 ||     8
       Scroll            |       |       |       |     4 |       ||     4
 Stab: Paralysed         |     1 |       |       |     5 |       ||     6
  Eat: Chunk             |       |       |       |     2 |     3 ||     5
       Ration            |       |       |       |     1 |       ||     1
Armor: Leather armour    |     5 |       |       |       |       ||     5
       Ring mail         |       |     1 |     9 |    20 |       ||    30
       Plate armour      |       |       |       |     8 |       ||     8
       Scale mail        |       |       |       |     3 |     9 ||    12
Dodge: Dodged            |     5 |     8 |    14 |    44 |    45 ||   116

Table legend:
 A = Spawn XP
 B = Non-spawn XP
 C = Spawn XP percentage of total XP
 D = Spawn monster count
 E = Non-spawn monster count
 F = Spawn count percentage of total count
 G = Total turns spent on level
                    A         B        C        D         E        F      G
               +---------+---------+-------+---------+---------+-------+---------
         Total |       0 |   67079 |   0.0 |       0 |     147 |   0.0 |  3528
               +---------+---------+-------+---------+---------+-------+---------
             D |       0 |   67079 |   0.0 |       0 |     147 |   0.0 |  3528
               +---------+---------+-------+---------+---------+-------+---------
